 Dungeon Crawl Stone Soup version 0.31-a0-1008-g5b978dac0e (webtiles) character file.

Game seed: 5659046459914966043

4 Spycrab the Changeling (level 1, 0/8 HPs)
             Began as a Demigod Shapeshifter on Nov 13, 2023.
             Slain by a kobold
             ... wielding a +0 short sword
              (3 damage)
             ... on level 1 of the Dungeon.
             The game lasted 00:01:57 (304 turns).

Spycrab the Changeling (Demigod Shapeshifter)        Turns: 304, Time: 00:01:58

Health: 0/8        AC:  2    Str: 15    XL:     1   Next: 46%
Magic:  3/3        EV: 12    Int: 12    God:
Gold:   23         SH:  0    Dex: 13    Spells: 0/0 levels left

rFire   . .          .
                       - Unarmed
rCold   . . .        (shield currently unavailable)
rNeg    . . .        a - +0 animal skin
rPois   .            (no helmet)
rElec   .            (no cloak)
rCorr   .            (no gloves)
SInv    .            (no boots)
Will    .....        i - amulet of magic regeneration
Stlth   +            (no ring)
HPRegen 0.21/turn    (no ring)
MPRegen 0.48/turn

%: no passive effects
@: flux-form, glowing
A: glow, contaminating, reduced hp, high MP 1, forlorn, divine attributes
a: Begin Untransformation


You were on level 1 of the Dungeon.
You were something dangerously unstable.
You visited 1 branch of the dungeon, and saw 1 of its levels.

You collected 23 gold pieces.

Inventory:

Armour
 a - a +0 animal skin (worn)
 f - a +2 kite shield
Jewellery
 i - an amulet of magic regeneration (around neck)
Talismans
 c - a beast talisman
 d - a flux talisman (active)
Scrolls
 e - a scroll of revelation {unknown}
Potions
 b - a potion of lignification
 g - a potion of invisibility {unknown}
 h - a potion of cancellation {unknown}


   Skills:
 + Level 0.8 Fighting
 + Level 1.7 Dodging
 + Level 2.8 Unarmed Combat
 + Level 2.8 Shapeshifting


You couldn't memorise any spells.
You didn't know any spells.
Your spell library contained the following spells:

 Spells                   Type           Power      Damage    Failure   Level
 Shock                    Conj/Air       0%         1d3       32%         1
 Swiftness                Air            0%         N/A       69%         3
 Airstrike                Air            0%         2d(0-16)  97%         4


Dungeon Overview and Level Annotations

Branches:
Dungeon (1/15)


Innate Abilities, Weirdness & Mutations

You are something dangerously unstable.
You glow with magical radiation, making you easy to see and hit.
Foes you strike become dangerously contaminated with magical radiation.
Your maximum health is decreased, since you lack skill for your form.
You are incapable of wielding weapons or throwing items.
You have an increased reservoir of magic. (+10% MP)
You shall have no god before yourself.
Your divine heritage dramatically boosts your attributes as you level up.


Message History

You pick up a book of Air and begin reading...
You add the spells Shock, Swiftness and Airstrike to your library.
You open the door.
There is an open door here.
You now have 23 gold pieces (gained 6).
A goblin comes into view. It is wielding a +0 dagger.
A goblin is nearby!
The goblin hits you with a +0 dagger.
You barely miss the goblin. The goblin hits you with a +0 dagger.
You closely miss the goblin. The goblin hits you with a +0 dagger.
You hit the goblin.
The goblin begins to glow.
The goblin is severely wounded.
The goblin hits you with a +0 dagger.
You hit the goblin.
You kill the goblin!
Found a square golden amulet.
Things that are here:
a +0 dagger; a goblin corpse
Found a ring mail and a sling.
i - an amulet of magic regeneration You start putting on your amulet.
You continue putting on your amulet of magic regeneration. x5
You finish putting on your amulet of magic regeneration.
i - an amulet of magic regeneration (around neck)
You open the door.
Found a stone staircase leading down.
You see here a +0 ring mail.
You see here a +0 sling.
You open the door.
A kobold comes into view. It is wielding a +0 short sword.
There is an open door here.
You completely miss the kobold.
The kobold hits you with a +0 short sword.
You hit the kobold.
The kobold begins to glow.
The kobold is moderately wounded.
The kobold hits you with a +0 short sword.
You hit the kobold but do no damage.
The kobold glows dangerously bright.
The kobold is moderately wounded.
The kobold hits you with a +0 short sword.
You die...

#>....'........)..
#.#####.........##
#.## #[........#
#..####)........#
#....##.........#
#.##..#.........#
#.###...#########
#.# ###.# #p# #...
#....K.# ###.#
#......# ..#
#......# ...
#......# ###.
.......##
#########


You could see a kobold (heavy contam).

Vanquished Creatures
  A ball python (D:1)
  An endoplasm (D:1)
  2 goblins (D:1)
4 creatures vanquished.

Notes
Turn   | Place    | Note
-------+----------+-------------------------------------------
     0 | D:1      | Spycrab the Demigod Shapeshifter began the quest for the
                  | Orb.
     0 | D:1      | Reached XP level 1. HP: 15/15 MP: 3/3
   304 | D:1      | Slain by a kobold

Illustrated notes

Levels and vault maps discovered:
D:1:      dpeg_arrival_simpleton_c, layout_basic

Action                     || total
---------------------------++-------
  Melee: Unarmed           ||    17
 Armour: Animal skin       ||    10
  Dodge: Dodged            ||    10
   Form: Flux              ||     1

Table legend: (Time is in decaauts)
 A = Elapsed time spent in this place.
 B = Non-inter-level travel time spent in this place.
 C = Inter-level travel time spent in this place.
 D = Time resting spent in this place.
 E = Time spent auto-exploring this place.
 F = Levels seen in this place.
 G = Mean time per level.
                   A        B        C        D        E       F      G
               +--------+--------+--------+--------+--------+-----+--------+
         Total |    303 |    261 |     42 |      0 |    208 |   1 |  303.0 |
       Dungeon |    303 |    261 |     42 |      0 |    208 |   1 |  303.0 |
               +--------+--------+--------+--------+--------+-----+--------+

Top non-repeatable levels by time:
     D:1: 303 daAuts
